 Dungeon Crawl Stone Soup version 0.31.0-32-g396128a36d (webtiles) character file.

Game seed: 14572817787896527251

265 boopmooplesden the Covered (level 5, 0/46 HPs)
             Began as an Armataur Fighter on Mar 21, 2024.
             Splashed by a jelly's acid (6 damage)
             ... on level 4 of the Dungeon.
             The game lasted 00:04:02 (2829 turns).

boopmooplesden the Covered (Armataur Fighter)       Turns: 2829, Time: 00:04:04

Health: 0/46       AC:  4    Str: 24    XL:     5   Next: 99%
Magic:  5/5        EV:  6    Int:  8    God:
Gold:   185        SH:  4    Dex:  9    Spells: 4/4 levels left

rFire   . . .        g - +5 mace
rCold   . . .        c - +0 buckler
rNeg    . . .        d - +0 chain mail
rPois   .            (no helmet)
rElec   .            (no cloak)
rCorr   .            (no gloves)
SInv    .            (no barding)
Will    .....        (no amulet) Stlth
                     (no ring)
HPRegen 0.27/turn    (no ring)
MPRegen 0.09/turn

%: roll
@: corroded
A: large, deformed body, tough skin 3, armoured tail, roll 1
a: no special abilities


You were on level 4 of the Dungeon.
You visited 1 branch of the dungeon, and saw 4 of its levels.

You collected 185 gold pieces.

Inventory:

Hand Weapons
 a - a +0 long sword
 g - a +5 mace (weapon)
Armour
 b - a +0 scale mail
 c - a +0 buckler (worn)
 d - a +0 chain mail (worn)
 i - a +0 helmet
 o - the +0 ring mail of the Platytaur {Fly Int-5 Dex+3}
   (You found it on level 3 of the Dungeon)

   Int-5:     It affects your intelligence (-5).
   Dex+3:     It affects your dexterity (+3).
   Fly:       It grants you flight.
Jewellery
 h - a ring of magical power
 l - a ring of willpower
Scrolls
 s - a scroll of vulnerability
Potions
 f - 2 potions of lignification
 j - a potion of curing
 k - a potion of degeneration {unknown}
 n - 4 potions of attraction
 p - a potion of haste {unknown}
 r - a potion of berserk rage {unknown}


   Skills:
 + Level 3.9 Fighting
 + Level 2.0 Long Blades
 + Level 2.6 Maces & Flails
 + Level 4.6 Armour
 + Level 1.0 Dodging
 + Level 0.7 Stealth
 + Level 4.0 Shields


You had 4 spell levels left.
You didn't know any spells.
Your spell library was empty.

Dungeon Overview and Level Annotations

Branches:
Dungeon (4/15)
 Temple: D:4-7

Altars:
Dithmenos
Kikubaaqudgha
Wu Jian

Annotations:
D:4 Pikel


Innate Abilities, Weirdness & Mutations

Armour fits poorly on your strangely shaped body.
You have extremely tough skin. (AC +3)
You have a long armoured tail.
You regenerate magic when rolling toward enemies. (Rampage MPRegen)


Message History

You closely miss the lemure. You block the lemure's attack.
You sock the lemure!
The lemure is moderately wounded.
The lemure hits you but does no damage. x2
You see here a +0 ring mail.
A bombardier beetle comes into view.
Found a dark potion.
Found a scroll of vulnerability.
Found a puce potion and a scroll of butterflies.
Pikel shouts!
Pikel shouts!
Pikel shouts!
Pikel shouts!
Pikel shouts!
You flicker for a moment.
Pikel shouts!
Pikel hits you with a +1 whip of flaming.
* * * LOW HITPOINT WARNING * * *
Pikel burns you.
* * * LOW HITPOINT WARNING * * *
There is a stone staircase leading up here.
You flicker back into view.
The jelly attacks as it pursues you! The jelly closely misses you.
Okay, then.
The air fills with toxic fumes!
As you read the scroll of poison, it crumbles to dust.
The lemure closely misses you.
You barely miss the lemure.
Your tail-slap misses the lemure.
The lemure is lightly wounded.
You block the lemure's attack. The jelly hits you but does no damage.
You barely miss the jelly. The lemure hits you.
* * * LOW HITPOINT WARNING * * *
The jelly barely misses you.
The lemure is poisoned.
You hit the jelly.
Your hands burn!
* * * LOW HITPOINT WARNING * * *
The jelly is moderately wounded.
The jelly hits you.
* * * LOW HITPOINT WARNING * * *
The acid corrodes you!
You are splashed with acid.
You die...

# ...?.
####.?.!.§§§§§
.........§§§§§
.........§§§§§##
.....?...§§§§§§#####
.........§§§§§§§§§§#
.........§§§§§§§§§§#
........#§§§§§§5§§§#
...##..B#.....5#@§§#
...##....§§.§§§KJ§§#
.........§§§§§§.§§§#
..##.....§§§§§§§####
.........§§§§§§§#
..#..>.#.§§§§§§##
..##...#.§§§§§§#
.........§§§§§§#
####.....##..###


You could see Pikel, a lemure (poisoned) and a jelly.

Vanquished Creatures
  A lemure (D:4)
  A bombardier beetle (D:3)
  An iguana (D:3)
  Terence (D:3)
  An orc wizard (D:3)
  4 gnolls (D:3)
  5 adders
  2 ribbon worms (D:2)
  2 orcs (D:3)
  7 endoplasms
  2 giant cockroaches
  5 goblins
  4 hobgoblins
  2 jackals (D:2)
  4 kobolds
  2 quokkas
  6 rats
50 creatures vanquished.

Vanquished Creatures (others)
  An orc wizard (D:3)
1 creature vanquished.

Grand Total: 51 creatures vanquished

Notes
Turn   | Place    | Note
-------+----------+-------------------------------------------
     0 | D:1      | boopmooplesden the Armataur Fighter began the quest for the
                  | Orb.
     0 | D:1      | Reached XP level 1. HP: 18/18 MP: 1/1
   447 | D:1      | Reached XP level 2. HP: 25/25 MP: 2/2
  1038 | D:2      | Reached XP level 3. HP: 29/31 MP: 3/3
  1353 | D:3      | Reached skill level 1 in Maces & Flails
  1369 | D:3      | Identified the +0 ring mail of the Platytaur {Fly Int-5
                  | Dex+3}
  1411 | D:3      | Found an ancient bone altar of Kikubaaqudgha.
  1412 | D:3      | Noticed Terence
  1412 | D:3      | Found an ornate altar of the Wu Jian Council.
  1425 | D:3      | Reached XP level 4. HP: 30/38 MP: 4/4
  1433 | D:3      | Killed Terence
  1854 | D:3      | Reached XP level 5. HP: 46/46 MP: 5/5
  2355 | D:3      | Found a shadowy altar of Dithmenos.
  2374 | D:3      | Reached skill level 1 in Dodging
  2375 | D:3      | HP: 3/69 [burnt (5)]
  2769 | D:4      | Noticed a lemure
  2769 | D:4      | Noticed a lemure
  2769 | D:4      | Noticed a lemure
  2769 | D:4      | Noticed a lemure
  2773 | D:4      | Noticed Pikel
  2794 | D:4      | Killed a lemure
  2829 | D:4      | Splashed by a jelly's acid

Illustrated notes

Levels and vault maps discovered:
D:1:      minmay_arrival_stone_box, layout_loops_corners, minmay_tromino_v4_b
D:2:      layout_rooms
D:3:      layout_loops_ring, nicolae_dithmenos_the_darkroom,
          grunt_temple_overflow_open, uniq_terence
D:4:      layout_rooms, serial_shops, nicolae_shop_tiny_statue_garden,
          uniq_pikel

Skill      XL: |  1  2  3  4  5 |
---------------+----------------+-----
Fighting       | 3 |  3.9
Armour         | 4 |  4.6
Maces & Flails | 1 2 |  2.6
Long Blades    | 2 |  2.0
Shields        | 4 |  4.0
Dodging        | 1 |  1.0
Stealth        | |  0.7

Action                     |  1- 3 |  4- 6 || total
---------------------------+-------+-------++-------
  Melee: Mace              |    45 |    72 ||   117
         Long sword        |     3 |       ||     3
         Tailslap          |     5 |     2 ||     7
    Use: Scroll            |     5 |     3 ||     8
         Potion            |       |     6 ||     6
 Armour: Scale mail        |    36 |    12 ||    48
         Chain mail        |       |    58 ||    58
  Dodge: Dodged            |    17 |    31 ||    48
  Block: Buckler           |     8 |    22 ||    30
